 Dungeon Crawl Stone Soup version 0.29.0-4-gdea44cf6ec (webtiles) character file.

Game seed: 4093969049944731435

3163 qw the Cleaver (level 9, -5/54 HPs)
             Began as a Tengu Warper on Aug 28, 2022.
             Was an Elder of Okawaru.
             Slain by an orange demon (11 damage)
             ... led by Amaemon
             ... on level 8 of the Dungeon.
             The game lasted 00:00:42 (6875 turns).

qw the Cleaver (Tengu Warper)                       Turns: 6875, Time: 00:00:42

Health: -5/54      AC: 20    Str: 15    XL:     9   Next: 94%
Magic:  13/13      EV:  9    Int: 14    God:    Okawaru [****..]
Gold:   195        SH:  5    Dex: 14    Spells: 12/12 levels left

rFire   . . .      SeeInvis +   c - +4 war axe (flame)
rCold   . . .      Faith    .   (no shield)
rNeg    + . .      Spirit   .   p - +1 plate armour {rN+}
rPois   .          Reflect  +   (helmet restricted)
rElec   .          Harm     .   q - +0 cloak
rCorr   .          Rampage  .   w - +1 pair of gloves
Will    .....                   (boots unavailable)
Stlth   ..........              m - amulet of reflection
HPRegen 0.18/turn               h - +4 ring of slaying {mikee}
MPRegen 0.13/turn               e - ring of see invisible

@: lethally poisoned (-5 -> -25), about to teleport, heroic, flying quickly and
evasively, slowed, very slow
A: beak, talons 3, nimble flight
a: Renounce Religion, Heroism, Finesse


You were on level 8 of the Dungeon.
You worshipped Okawaru.
Okawaru was greatly pleased with you.
You visited 1 branch of the dungeon, and saw 8 of its levels.

You collected 532 gold pieces.
You spent 337 gold pieces at shops.


Innate Abilities, Weirdness & Mutations

You have a beak for a mouth.
You have claws for feet.
Your magical nature lets you fly swiftly and evasively.


   Skills:
 - Level 5.0(10.0) Fighting
 + Level 11.3(16.3) Axes
 - Level 1.0(6.0) Throwing
 - Level 6.5(11.5) Armour
 - Level 2.1(7.1) Dodging
 - Level 2.0 Spellcasting
 - Level 2.4 Translocations
 + Level 4.1 Invocations


You had 12 spell levels left.
You didn't know any spells.
Your spell library contained the following spells:

 Spells                   Type           Power      Damage    Failure   Level
 Blink                    Tloc           16%        N/A       99%         2
 Gell's Gravitas          Tloc           8%         N/A       100%        3
 Lesser Beckoning         Tloc           8%         N/A       100%        3
 Teleport Other           Tloc           8%         N/A       100%        3
 Manifold Assault         Tloc           8%         N/A       100%        5

Inventory:

Hand Weapons
 c - a +4 war axe of flaming (weapon)
Armour
 p - a +1 plate armour of positive energy (worn)
 q - a +0 cloak (worn)
 w - a +1 pair of gloves (worn)
Jewellery
 e - a ring of see invisible (right hand)
 h - a +4 ring of slaying (left hand) {mikee}
 m - an amulet of reflection (around neck)
 t - a +4 ring of protection
Scrolls
 a - a scroll of identify
Potions
 b - 3 potions of curing
 d - 2 potions of mutation
 g - a potion of haste
 k - 3 potions of might
 l - a potion of cancellation
 o - a potion of magic {unknown}

Dungeon Overview and Level Annotations

Branches:
Dungeon (8/15)             Temple (0/1) D:7
   Lair: D:8-11

Altars:
Cheibriados
Dithmenos
Fedhas
Gozag
Hepliaklqana
Kikubaaqudgha
Makhleb
Okawaru
Qazlal
Ru
Uskayaw
Yredelemnul
Zin

Shops:
D:7 (

Annotations:
D:5 2 runed translucent doors, qw's ghost, weakling FeDe
D:8 Amaemon; Joseph


Message History

Amaemon hits you with a +1 demon whip of venom.
You are poisoned.
You block Amaemon's attack.
Amaemon tail-slaps you but does no damage.
The kobold throws a stone.
The stone hits you but does no damage.
A wight comes into view. It is wielding a +0 great sword.
A wight comes into view. It is wielding a +0 long sword.
The orange demon stings you from afar.
You are lethally poisoned!
You have difficulty breathing.
You feel yourself slow down.
6873 ||| READING scroll of teleportation.
As you read the scroll of teleportation, it crumbles to dust.
You feel strangely unstable.
You feel very sick. Amaemon hits you but does no damage.
You are more poisoned.
You block Amaemon's attack.
Amaemon tail-slaps you but does no damage.
The orange demon barely misses you.
6874 ||| DRINKING potion of heal wounds.
You feel much better.
You feel extremely sick.
The kobold throws a stone.
The stone hits you but does no damage.
Amaemon hits you with a +1 demon whip of venom.
You are lethally poisoned!
Amaemon barely misses you.
Amaemon tail-slaps you but does no damage.
The orange demon closely misses you. The orange demon stings you from afar!
Amaemon closely misses you. Amaemon claws you but does no damage.
Amaemon tail-slaps you but does no damage.
You slash Amaemon! You burn Amaemon. Your kick misses Amaemon.
Amaemon is lightly wounded.
You hit the kobold. You burn the kobold.
You kill the kobold!
You feel very sick. Amaemon closely misses you. Amaemon barely misses you.
You block Amaemon's attack.
A shadow imp comes into view.
The orange demon stings you from afar!
You die...

#...# #.. #...
#.5 #...#.. .
#.....#
..####..#..#
..)...4KK..#
....z.6)#).# #
.....#z@...##....
....z....<.[.....
..[.##)%....#....
.......###...# ##
. ....# #..#
...#.. ..# ..^...
...# # .>.. ..#
#... ..#


You could see Amaemon, an orange demon (curare), a kobold brigand, 3 wights, a
shadow imp (wandering) and a kobold.

Vanquished Creatures
  Pikel (D:6)
  Prince Ribbit (D:8)
  Grinder (D:5)
  Eustachio (D:5)
  A steam dragon (D:8)
  A water moccasin (D:7)
  A black bear (D:5)
  A sky beast (D:7)
  An ice beast (D:7)
  An orc warrior (D:6)
  2 centaurs
  An ogre (D:7)
  2 phantoms (D:5)
  Blork the orc (D:4)
  2 necrophages
  3 scorpions (D:6)
  4 wights (D:7)
  3 vampire bats (D:3)
  A hound (D:7)
  A gnoll bouda (D:6)
  An orc priest (D:8)
  3 iguanas
  4 orc wizards
  4 gnolls (D:6)
  10 adders
  A shadow imp (D:5)
  3 white imps
  An ufetubus (D:7)
  3 worms
  A dart slug (D:1)
  14 orcs
  4 ball pythons
  A bat (D:2)
  4 bat skeletons (D:3)
  2 bat zombies (D:3)
  4 endoplasms
  A giant cockroach (D:1)
  8 goblins
  6 hobgoblins
  7 jackals
  4 kobolds
  2 quokkas
  3 frilled lizards
  3 rats
  A spectral goblin (D:4)
125 creatures vanquished.

Vanquished Creatures (others)
  2 fungi (D:3)
  2 plants
4 creatures vanquished.

Grand Total: 129 creatures vanquished

Notes
Turn   | Place    | Note
-------+----------+-------------------------------------------
     0 | D:1      | qw the Tengu Warper began the quest for the Orb.
     0 | D:1      | Reached XP level 1. HP: 12/12 MP: 4/4
     0 | D:1      | 0 ||| qw: Version: 0.1-a-89-g26bdef1
     0 | D:1      | 0 ||| qw: Game counter: 1092
     0 | D:1      | 0 ||| qw: Always use a shield: true
     0 | D:1      | 0 ||| qw: God list: Okawaru
     0 | D:1      | 0 ||| qw: Allow faded altars: false
     0 | D:1      | 0 ||| qw: Do Orc after D:15 true
     0 | D:1      | 0 ||| qw: Do second Lair branch before Depths: true
     0 | D:1      | 0 ||| qw: Lair rune preference: random
     0 | D:1      | 0 ||| qw: Plans: Normal
     0 | D:1      | 0 ||| PLANNING D:1-11
    18 | D:1      | 18 ||| Stepping ~*~*~tactically~*~*~ (hiding).
   148 | D:1      | 148 ||| Stepping ~*~*~tactically~*~*~ (stealth).
   160 | D:1      | 160 ||| Stepping ~*~*~tactically~*~*~ (stealth).
   162 | D:1      | 162 ||| Stepping ~*~*~tactically~*~*~ (stealth).
   163 | D:1      | 163 ||| Stepping ~*~*~tactically~*~*~ (stealth).
   165 | D:1      | 165 ||| Stepping ~*~*~tactically~*~*~ (stealth).
   182 | D:1      | Reached XP level 2. HP: 17/17 MP: 6/6
   203 | D:1      | Reached skill level 3 in Axes
   351 | D:1      | 351 ||| Stepping ~*~*~tactically~*~*~ (stealth).
   367 | D:1      | 367 ||| Stepping ~*~*~tactically~*~*~ (stealth).
   368 | D:1      | 368 ||| Stepping ~*~*~tactically~*~*~ (stealth).
   369 | D:1      | 369 ||| Stepping ~*~*~tactically~*~*~ (stealth).
   583 | D:1      | 583 ||| UPGRADING to +0 plate armour.
   593 | D:1      | 593 ||| DROPPING +0 leather armour.
   594 | D:1      | 594 ||| UPGRADING to +4 ring of slaying {mikee}.
   595 | D:1      | 595 ||| READING scroll labelled FUH OBURUEFAI.
   596 | D:1      | 596 ||| DRINKING 3 dark potions.
   597 | D:1      | 597 ||| DROPPING scroll of blinking.
   624 | D:2      | 624 ||| STAIRDANCE
   633 | D:2      | 633 ||| STAIRDANCE
   766 | D:2      | Reached XP level 3. HP: 21/21 MP: 7/7
   786 | D:2      | 786 ||| Stepping ~*~*~tactically~*~*~ (stealth).
   799 | D:2      | Reached skill level 4 in Axes
   970 | D:2      | Reached XP level 4. HP: 24/26 MP: 8/8
  1081 | D:2      | 1081 ||| Stepping ~*~*~tactically~*~*~ (stealth).
  1359 | D:2      | 1359 ||| READING 2 scrolls labelled XIBIGE JENINIMUXZE.
  1360 | D:2      | 1360 ||| READING scroll labelled GERCHY BESO.
  1693 | D:3      | Found a blossoming altar of Fedhas.
  1753 | D:3      | Found a basalt altar of Yredelemnul.
  1753 | D:3      | Found a snail-covered altar of Cheibriados.
  1817 | D:3      | Found a faded altar of an unknown god.
  1962 | D:3      | Found an iron altar of Okawaru.
  1965 | D:3      | 1965 ||| FLEEEEING.
  1966 | D:3      | 1966 ||| FLEEEEING.
  1967 | D:3      | 1967 ||| FLEEEEING.
  1968 | D:3      | 1968 ||| FLEEEEING.
  1969 | D:3      | 1969 ||| FLEEEEING.
  1970 | D:3      | 1970 ||| FLEEEEING.
  2032 | D:3      | 2032 ||| FLEEEEING.
  2033 | D:3      | 2033 ||| FLEEEEING.
  2034 | D:3      | 2034 ||| FLEEEEING.
  2035 | D:3      | 2035 ||| FLEEEEING.
  2036 | D:3      | 2036 ||| FLEEEEING.
  2037 | D:3      | 2037 ||| FLEEEEING.
  2038 | D:3      | 2038 ||| FLEEEEING.
  2039 | D:3      | 2039 ||| FLEEEEING.
  2132 | D:3      | 2132 ||| FLEEEEING.
  2133 | D:3      | 2133 ||| FLEEEEING.
  2134 | D:3      | 2134 ||| FLEEEEING.
  2135 | D:3      | 2135 ||| FLEEEEING.
  2136 | D:3      | 2136 ||| FLEEEEING.
  2137 | D:3      | 2137 ||| FLEEEEING.
  2138 | D:3      | 2138 ||| FLEEEEING.
  2139 | D:3      | 2139 ||| FLEEEEING.
  2203 | D:3      | 2203 ||| FLEEEEING.
  2204 | D:3      | 2204 ||| FLEEEEING.
  2205 | D:3      | 2205 ||| FLEEEEING.
  2206 | D:3      | 2206 ||| FLEEEEING.
  2256 | D:3      | 2256 ||| FLEEEEING.
  2257 | D:3      | 2257 ||| FLEEEEING.
  2258 | D:3      | 2258 ||| FLEEEEING.
  2259 | D:3      | 2259 ||| FLEEEEING.
  2260 | D:3      | 2260 ||| FLEEEEING.
  2261 | D:3      | 2261 ||| FLEEEEING.
  2262 | D:3      | 2262 ||| FLEEEEING.
  2263 | D:3      | 2263 ||| FLEEEEING.
  2367 | D:3      | 2367 ||| FLEEEEING.
  2368 | D:3      | 2368 ||| FLEEEEING.
  2369 | D:3      | 2369 ||| FLEEEEING.
  2370 | D:3      | 2370 ||| FLEEEEING.
  2371 | D:3      | 2371 ||| FLEEEEING.
  2447 | D:3      | Became a worshipper of Warmaster Okawaru
  2455 | D:3      | 2455 ||| FLEEEEING.
  2456 | D:3      | 2456 ||| FLEEEEING.
  2457 | D:3      | 2457 ||| FLEEEEING.
  2458 | D:3      | 2458 ||| FLEEEEING.
  2459 | D:3      | 2459 ||| FLEEEEING.
  2460 | D:3      | 2460 ||| FLEEEEING.
  2461 | D:3      | 2461 ||| FLEEEEING.
  2462 | D:3      | 2462 ||| FLEEEEING.
  2649 | D:3      | Found an opulent altar of Gozag.
  2712 | D:3      | Reached skill level 5 in Axes
  2741 | D:3      | Found an ancient bone altar of Kikubaaqudgha.
  2743 | D:3      | Gained mutation: Your magical nature lets you fly swiftly
                  | and evasively. [Tengu growth]
  2743 | D:3      | Reached XP level 5. HP: 30/30 MP: 9/9
  2748 | D:3      | Reached skill level 6 in Axes
  2754 | D:3      | Reached XP level 6. HP: 34/35 MP: 10/10
  2770 | D:3      | 2770 ||| DROPPING amulet of guardian spirit.
  2771 | D:3      | 2771 ||| UPGRADING to amulet of reflection.
  2776 | D:3      | 2776 ||| DRINKING 2 fizzy clear potions.
  2777 | D:3      | 2777 ||| READING 2 scrolls of identify.
  2777 | D:3      | 2777 ||| IDENTIFYING fuming pink potion
  2778 | D:3      | 2778 ||| DROPPING potion of attraction.
  2872 | D:3      | 2872 ||| READING scroll of teleportation.
  2873 | D:3      | 2873 ||| STAIRDANCE
  2944 | D:4      | Found a stormy altar of Qazlal.
  3054 | D:4      | 3054 ||| Stepping ~*~*~tactically~*~*~ (stealth).
  3056 | D:4      | 3056 ||| Stepping ~*~*~tactically~*~*~ (stealth).
  3074 | D:4      | Noticed Blork the orc
  3075 | D:4      | 3075 ||| Stepping ~*~*~tactically~*~*~ (hiding).
  3083 | D:4      | Killed Blork the orc
  3083 | D:4      | Reached * piety under Okawaru
  3084 | D:4      | Reached skill level 7 in Axes
  3153 | D:4      | 3153 ||| DROPPING +0 club.
  3333 | D:4      | You are sucked into a shaft and drop 1 floor!
  3333 | D:5      | Entered Level 5 of the Dungeon
  3392 | D:5      | Found a large runed translucent door.
  3394 | D:5      | Found a large runed translucent door.
  3396 | D:5      | Noticed qw's ghost (weakling FeDe)
  3437 | D:5      | 3437 ||| READING 3 scrolls of identify.
  3437 | D:5      | 3437 ||| IDENTIFYING fuming coppery potion
  3438 | D:5      | 3438 ||| READING 2 scrolls of identify.
  3438 | D:5      | 3438 ||| IDENTIFYING inky potion
  3439 | D:5      | 3439 ||| DROPPING potion of lignification.
  3780 | D:4      | Reached skill level 1 in Invocations
  3792 | D:4      | Reached skill level 3 in Armour
  3823 | D:4      | Found a hazy altar of Hepliaklqana.
  3833 | D:4      | Reached XP level 7. HP: 40/40 MP: 11/11
  3835 | D:4      | 3835 ||| UPGRADING to ring of see invisible.
  3836 | D:4      | 3836 ||| READING scroll labelled DINNAKHLUMESCH.
  3837 | D:4      | 3837 ||| READING 2 scrolls of identify.
  3837 | D:4      | 3837 ||| IDENTIFYING white potion
  3875 | D:3      | Found a hide-covered altar of Uskayaw.
  3885 | D:3      | 3885 ||| SWAPPING to +1 war axe of venom.
  3886 | D:3      | 3886 ||| DROPPING +0 hand axe.
  3887 | D:3      | 3887 ||| Stepping randomly (stuck).
  3945 | D:5      | 3945 ||| INVOKING Heroism.
  3978 | D:5      | Noticed Grinder
  3979 | D:5      | 3979 ||| INVOKING Heroism.
  3987 | D:5      | Killed Grinder
  3988 | D:5      | Reached skill level 3 in Fighting
  3988 | D:5      | Reached skill level 3 in Invocations
  4139 | D:5      | Reached ** piety under Okawaru
  4183 | D:5      | Found a shadowy altar of Dithmenos.
  4272 | D:5      | Noticed Eustachio
  4273 | D:5      | 4273 ||| INVOKING Heroism.
  4283 | D:5      | Reached XP level 8. HP: 36/46 MP: 10/12
  4283 | D:5      | Killed Eustachio
  4466 | D:5      | Found a glowing silver altar of Zin.
  4466 | D:5      | Found a burning altar of Makhleb.
  4467 | D:5      | Noticed a cacodemon
  4467 | D:5      | Noticed an angel
  4589 | D:5      | Found a sacrificial altar of Ru.
  4685 | D:5      | 4685 ||| UPGRADING to +0 cloak.
  4690 | D:5      | 4690 ||| DROPPING amulet of regeneration.
  4691 | D:5      | 4691 ||| READING scroll labelled ONODDO QAOR.
  4692 | D:5      | 4692 ||| READING scroll labelled PUOLOEN OLLYI.
  4693 | D:5      | 4693 ||| Stepping randomly (stuck).
  4694 | D:5      | 4694 ||| Stepping ~*~*~tactically~*~*~ (cloud).
  4918 | D:6      | Reached skill level 8 in Axes
  5135 | D:6      | Noticed Pikel
  5136 | D:6      | 5136 ||| INVOKING Heroism.
  5144 | D:6      | Killed Pikel
  5145 | D:6      | Reached skill level 6 in Armour
  5285 | D:6      | Reached *** piety under Okawaru
  5352 | D:6      | 5352 ||| Stepping ~*~*~tactically~*~*~ (stealth).
  5353 | D:6      | 5353 ||| INVOKING Heroism.
  5362 | D:6      | Reached XP level 9. HP: 50/51 MP: 11/13
  5557 | D:6      | Reached skill level 9 in Axes
  5663 | D:6      | 5663 ||| INVOKING Heroism.
  5799 | D:6      | 5799 ||| UPGRADING to +1 plate armour of positive energy.
  5809 | D:6      | 5809 ||| DROPPING +0 plate armour.
  5810 | D:6      | 5810 ||| READING scroll labelled VEH POFAFUS.
  5824 | D:7      | Found Ymoack's Antique Weapon Boutique.
  5831 | D:7      | 5831 ||| BUYING runed whip (137 gold).
  5831 | D:7      | Bought a runed whip for 137 gold pieces
  5831 | D:7      | 5831 ||| BUYING smouldering mace (200 gold).
  5831 | D:7      | Bought a smouldering mace for 200 gold pieces
  5831 | D:7      | Identified the +8 mace "Killer Bee's Doom" {flame, rPois
                  | rN+ Will+ MP+9} (You bought it in a shop on level 7 of the
                  | Dungeon)
  5831 | D:7      | 5831 ||| DROPPING +0 flail.
  5832 | D:7      | 5832 ||| DROPPING +4 whip of electrocution.
  5882 | D:7      | 5882 ||| INVOKING Heroism.
  5886 | D:7      | HP: 11/50 [wight/+5 great sword (12)]
  5887 | D:7      | 5887 ||| READING 2 scrolls of teleportation.
  5888 | D:7      | 5888 ||| DRINKING 2 potions of heal wounds.
  6041 | D:7      | 6041 ||| INVOKING Heroism.
  6115 | D:7      | 6115 ||| Stepping ~*~*~tactically~*~*~ (hiding).
  6122 | D:7      | Reached skill level 10 in Axes
  6446 | D:7      | 6446 ||| SWAPPING to +4 war axe.
  6447 | D:7      | 6447 ||| DROPPING +1 war axe of venom.
  6633 | D:7      | Found a staircase to the Ecumenical Temple.
  6806 | D:7      | 6806 ||| UPGRADING to +1 pair of gloves.
  6811 | D:7      | 6811 ||| DROPPING ring of protection from cold.
  6812 | D:7      | 6812 ||| READING scroll labelled ICEIRO NITT.
  6813 | D:7      | 6813 ||| READING scroll labelled WIMIXTUVELL.
  6813 | D:7      | Identified a scroll of acquirement
  6813 | D:7      | 6813 ||| ACQUIRING +4 war axe of flaming
  6813 | D:7      | Acquired a +4 war axe of flaming
  6815 | D:7      | 6815 ||| SWAPPING to +4 war axe of flaming.
  6816 | D:7      | 6816 ||| DROPPING +8 mace "Killer Bee's Doom" {flame, rPois
                  | rN+ Will+ MP+9}.
  6817 | D:7      | 6817 ||| DROPPING +4 flail of freezing.
  6818 | D:7      | 6818 ||| DROPPING +4 war axe.
  6819 | D:7      | 6819 ||| DRINKING 2 fuming sapphire potions.
  6820 | D:7      | 6820 ||| READING 3 scrolls of identify.
  6820 | D:7      | 6820 ||| IDENTIFYING purple potion
  6821 | D:7      | 6821 ||| READING 2 scrolls of identify.
  6821 | D:7      | 6821 ||| IDENTIFYING fizzy black potion
  6822 | D:7      | 6822 ||| DROPPING potion of invisibility.
  6855 | D:8      | 6855 ||| PLANNING OSSUARY
  6855 | D:8      | 6855 ||| Stepping ~*~*~tactically~*~*~ (stealth).
  6855 | D:8      | Noticed Prince Ribbit
  6856 | D:8      | 6856 ||| Stepping ~*~*~tactically~*~*~ (stealth).
  6857 | D:8      | 6857 ||| Stepping ~*~*~tactically~*~*~ (hiding).
  6858 | D:8      | 6858 ||| INVOKING Heroism.
  6863 | D:8      | Noticed Amaemon
  6864 | D:8      | Noticed an orange demon
  6865 | D:8      | Killed Prince Ribbit
  6867 | D:8      | Noticed Joseph
  6869 | D:8      | Reached skill level 11 in Axes
  6870 | D:8      | Reached **** piety under Okawaru
  6872 | D:8      | HP: 12/54 [asphyx]
  6873 | D:8      | 6873 ||| READING scroll of teleportation.
  6874 | D:8      | 6874 ||| DRINKING potion of heal wounds.
  6875 | D:8      | Slain by an orange demon

Levels and vault maps discovered:
D:1:      scummos_arrival_forest, layout_rooms, hex_large
D:2:      layout_basic, serial_bayou_pond_d, serial_bayou_ford_a,
          minmay_door_square, hex_tiny
D:3:      layout_rooms, kennysheep_okawaru_gauntlet, fedhas_altar_4,
          lemuel_coloured_pillars_altar, kennysheep_vampire_church,
          nicolae_overflow_hidden_temple, serial_aquarium,
          aquarium_bridge_long_joined [aquarium_subvault_bridge,
          aquarium_subvault_wall, aquarium_subvault_bridge,
          aquarium_subvault_bridge, aquarium_subvault_wall,
          aquarium_subvault_bridge], aquarium_window_corridor_1,
          aquarium_window_fake, aquarium_view_2f, aquarium_view_2c,
          shapermc_ecumenical_altar_rom_forum
D:4:      layout_gridville, nicolae_hepliaklqana_monster_ancestors,
          mainiacjoe_overflow_24_doors, minmay_statues_item,
          saegor_snake_ambush, uniq_blork_the_orc
D:5:      layout_gridville, grunt_temple_overflow_order_and_chaos_2,
          nicolae_ru_path_of_blood, grunt_dithmenos_smoke,
          ebering_ghost_disaster_area, uniq_eustachio, uniq_grinder
D:6:      lemuel_ice_spiral_2, layout_basic, minmay_misc_feat_four_crosses,
          chequers_serial_rivers_small_a, hex_medium, kennysheep_path_1,
          uniq_pikel
D:7:      layout_basic, lemuel_temple_firewalk_b, serial_shops, shop_fountains
D:8:      layout_rooms, general_overflow_altar, serial_shops,
          nicolae_shop_advertising_works [nicolae_subvault_shop_adworks],
          enter_ossuary_2, uniq_amaemon, uniq_prince_ribbit1, uniq_joseph

Skill      XL: |  1  2  3  4  5  6  7  8  9 |
---------------+----------------------------+-----
Axes           | 3 4 5 6 7 8 11 | 11.3
Armour         | 2 3 6 |  6.5
Invocations    | 1 3 4 |  4.1
Fighting       | 3 5 |  5.0
Throwing       | |  1.0
Dodging        | |  2.1
Spellcasting   | |  2.0
Translocations | |  2.4

Action                   |  1- 3 |  4- 6 |  7- 9 || total
-------------------------+-------+-------+-------++-------
Melee: Hand axe          |    66 |    75 |       ||   141
       Kick              |    19 |    23 |    40 ||    82
       Peck              |     9 |    11 |    24 ||    44
       Punch             |       |     1 |     5 ||     6
       War axe           |       |       |   113 ||   113
Throw: Boomerang         |     7 |       |       ||     7
Invok: Heroism           |       |       |     9 ||     9
  Use: Scroll            |     1 |     6 |    11 ||    18
       Potion            |     1 |     1 |     3 ||     5
Armor: Plate armour      |    22 |    96 |    55 ||   173
       Leather armour    |     6 |       |       ||     6
Dodge: Dodged            |    16 |    23 |    33 ||    72
Block: Other             |       |     3 |    24 ||    27
       Reflection        |       |       |     2 ||     2

Table legend:
 A = Non-vault XP
 B = Vault XP
 C = Vault XP percentage of total XP
 D = Non-vault monster count
 E = Vault monster count
 F = Vault count percentage of total count
                 A         B        C        D         E       F
            +---------+---------+-------+---------+---------+-------
      Total |    2880 |    1640 |  36.3 |     108 |      17 |  13.6
            +---------+---------+-------+---------+---------+-------
        D:1 |      27 |       0 |   0.0 |      14 |       0 |   0.0
        D:2 |      72 |       0 |   0.0 |      24 |       0 |   0.0
        D:3 |      41 |     181 |  81.5 |       9 |       9 |  50.0
        D:4 |     160 |     110 |  40.7 |       6 |       4 |  40.0
        D:5 |     419 |     464 |  52.5 |       8 |       2 |  20.0
        D:6 |     681 |     617 |  47.5 |      22 |       1 |   4.3
        D:7 |    1082 |       0 |   0.0 |      13 |       0 |   0.0
        D:8 |     398 |     268 |  40.2 |      12 |       1 |   7.7
            +---------+---------+-------+---------+---------+-------
